 Dungeon Crawl Stone Soup version 0.29-a0-998-g1987434951 (webtiles) character file.

Game seed: 10916924072583684593

89 nicolae the Changer (level 4, -5/35 HPs)
             Began as a Draconian Transmuter on Aug 6, 2022.
             Slain by Sigmund
             ... wielding a +0 scythe
              (8 damage)
             ... on level 2 of the Dungeon.
             The game lasted 00:04:55 (2398 turns).

nicolae the Changer (Draconian Transmuter)          Turns: 2398, Time: 00:04:56

Health: -5/35      AC:  5    Str: 11 (12) XL:     4   Next: 31%
Magic:  7/7        EV: 12    Int: 12 (15) God:
Gold:   60         SH:  0    Dex: 12      Spells: 1/7 levels left

rFire   . . .      SeeInvis .     - Unarmed
rCold   . . .      Faith    .   (no shield)
rNeg    . . .      Spirit   .   (body armour unavailable)
rPois   .          Reflect  .   (helmet restricted)
rElec   .          Harm     .   (no cloak)
rCorr   .          Rampage  .   (no gloves)
Will    .....                   (no boots)
Stlth   +.........              (no amulet)
HPRegen 0.11/turn               (no ring)
MPRegen 0.10/turn               (no ring)

@: brilliant
A: AC +5, unfitting armour, cold-blooded, wild magic 1, MP-powered wands
a: no special abilities


You were on level 2 of the Dungeon.
You visited 1 branch of the dungeon, and saw 2 of its levels.

You collected 60 gold pieces.

Inventory:

Scrolls
 b - a scroll of immolation {unknown}
 c - 2 scrolls of magic mapping {unknown}
 d - 2 scrolls of identify {unknown}
 e - a scroll of blinking {unknown}
 f - a scroll of teleportation {unknown}


   Skills:
 - Level 1.1 Fighting
 - Level 1.7 Dodging
 - Level 3.0 Unarmed Combat
 - Level 2.0 Spellcasting
 + Level 4.6 Transmutations


You had one spell level left.
You knew the following spells:

 Your Spells              Type           Power      Damage    Failure   Level
a - Beastly Appendage     Tmut           48%        N/A       7%          1
b - Wereblood             Tmut           24%        N/A       10%         2
c - Spider Form           Tmut/Pois      13%        N/A       41%         3

Your spell library contained the following spells:

 Spells                   Type           Power      Damage    Failure   Level
 Magic Dart               Conj           8%         1d3       34%         1
 Searing Ray              Conj           4%         2d4       47%         2
 Ice Form                 Ice/Tmut       13%        N/A       78%         4
 Fulminant Prism          Conj/Hex       1%         3d6       97%         4


Dungeon Overview and Level Annotations

Branches:
Dungeon (2/15)

Altars:

Shops:
D:1 :

Annotations:
D:2 Sigmund


Innate Abilities, Weirdness & Mutations

Your plain brown scales are hard. (AC +5)
You cannot fit into any form of body armour.
You are cold-blooded and may be slowed by cold attacks.
Your spells are a little harder to cast, but a little more powerful.
You expend magic power (3 MP) to strengthen your wands.


Message History

You barely miss the worm. You claw the worm. You headbutt the worm.
The worm is heavily wounded.
Sigmund gestures wildly while chanting.
Sigmund flickers and vanishes!
Deactivating autopickup; reactivate with Ctrl-A.
You hit the worm. Your kick misses the worm.
The worm is severely wounded.
The worm bites you. Something hits you.
You hit the worm. You claw the worm.
You kill the worm!
Something hits you. Something hits you. Something hits you but does no damage.
Something hits you but does no damage. Something hits you but does no damage.
A magic dart appears from out of thin air!
The magic dart hits you!
Your transformation is almost over.
It was a potion of mutation.
You feel extremely strange.
You feel less in control of your magic.
You feel your magical essence link to the dungeon's wands.
Something hits you.
* * * LOW HITPOINT WARNING * * *
It was a potion of brilliance.
You feel clever all of a sudden. Something hits you!
* * * LOW HITPOINT WARNING * * *
You closely miss something. Your kick misses something.
Your tail-slap misses something.
Something barely misses you.
You closely miss something. You miss something. Your kick misses something.
Something hits you but does no damage.
You hit something. Your kick misses something.
Your horns disappear.
Your talons disappear.
You hit something but do no damage. Something barely misses you.
You barely miss something.
Your tail-slap misses something.
Something hits you but does no damage.
You hit something but do no damage. You tail-slap something. You hit something.
Something hits you!
You die...

#.##.....#.# #.#####..#.#
#....#.....# #########.#....##
#.......#.#.##.## #########
##.#####.#.#.....# #.......# ...#
#.#.#.#...# #.#####.# ..##
#.#.#.#.#.# #.#####.# ..#
#.#.#.#.#@###....##.###### .†#
####.#...#.#{#.......#.#....#
..###......#...#.#.####..#.#.##.#
......####.#.................##.#
#####.# #.##.#..##.######...##.#
#.####...................##.#
#####.........#.#...#######..##.#
........#######.#.#########..##.#
...$....'.{.w...#.#......)....#.#


There were no monsters in sight!

Vanquished Creatures
  Terence (D:2)
  2 adders (D:2)
  A worm (D:2)
  A dart slug (D:1)
  4 endoplasms (D:1)
  2 giant cockroaches (D:1)
  3 goblins (D:1)
  3 hobgoblins (D:1)
  2 jackals (D:1)
  3 kobolds
  4 quokkas
  2 ball pythons
  6 bats (D:1)
  5 rats
39 creatures vanquished.

Vanquished Creatures (others)
  A plant (D:1)
1 creature vanquished.

Grand Total: 40 creatures vanquished

Notes
Turn   | Place    | Note
-------+----------+-------------------------------------------
     0 | D:1      | nicolae the Draconian Transmuter began the quest for the
                  | Orb.
     0 | D:1      | Reached XP level 1. HP: 16/16 MP: 3/3
   432 | D:1      | Reached XP level 2. HP: 23/23 MP: 3/5
   438 | D:1      | Learned a level 2 spell: Wereblood
   465 | D:1      | Reached skill level 3 in Transmutations
   793 | D:1      | Reached XP level 3. HP: 26/28 MP: 4/6
   872 | D:1      | Found Genez's Vocational Training.
  1227 | D:2      | Noticed Terence
  1244 | D:2      | Killed Terence
  1245 | D:2      | Reached skill level 4 in Transmutations
  1296 | D:1      | HP: 1/28 [quokka (3)]
  2035 | D:2      | Reached XP level 4. HP: 13/35 MP: 4/7
  2036 | D:2      | Noticed Sigmund
  2347 | D:2      | Learned a level 3 spell: Spider Form
  2388 | D:2      | Gained mutation: Your spells are a little harder to cast,
                  | but a little more powerful. [potion of mutation]
  2388 | D:2      | Gained mutation: You expend magic power (3 MP) to
                  | strengthen your wands. [potion of mutation]
  2398 | D:2      | Slain by Sigmund

Illustrated notes

Levels and vault maps discovered:
D:1:      saegor_arrival_simple_c, layout_loops_cross, serial_forest,
          infiniplex_forest_straight_1, infiniplex_forest_clump_curved,
          infiniplex_forest_lined_room_3, infiniplex_forest_fountain,
          infiniplex_forest_lined_room_3, infiniplex_forest_corner_1,
          infiniplex_forest_clump_small, nicolae_shop_vocational
D:2:      layout_basic, uniq_sigmund, uniq_terence

Skill      XL: |  1  2  3 |
---------------+----------+-----
Transmutations | 3 4 |  4.6
Fighting       | |  1.1
Dodging        | |  1.7
Unarmed Combat | |  3.0
Spellcasting   | |  2.0

Action                   |  1- 3 |  4- 6 || total
-------------------------+-------+-------++-------
Melee: Unarmed           |   120 |    23 ||   143
       Headbutt          |    11 |     2 ||    13
       Kick              |    12 |     4 ||    16
       Tailslap          |     7 |     2 ||     9
       Punch             |     3 |     1 ||     4
 Cast: Beastly Appendage |    22 |     2 ||    24
       Wereblood         |     2 |       ||     2
  Use: Potion            |     3 |     3 ||     6
Armor: Skin              |    65 |     7 ||    72
Dodge: Dodged            |    83 |     7 ||    90

Table legend: (Time is in decaauts)
 A = Elapsed time spent in this place.
 B = Non-inter-level travel time spent in this place.
 C = Inter-level travel time spent in this place.
 D = Time resting spent in this place.
 E = Time spent auto-exploring this place.
 F = Levels seen in this place.
 G = Mean time per level.
                   A        B        C        D        E       F      G
               +--------+--------+--------+--------+--------+-----+--------+
         Total |   2393 |   2372 |     21 |    695 |   1250 |   2 | 1196.5 |
       Dungeon |   2393 |   2372 |     21 |    695 |   1250 |   2 | 1196.5 |
               +--------+--------+--------+--------+--------+-----+--------+

Top non-repeatable levels by time:
     D:1: 1794 daAuts
     D:2: 598 daAuts
